 Dungeon Crawl Stone Soup version 0.26-a0-649-gf8c6c3aab7 (webtiles) character file.

Game seed: 1017192256949105178

21254 grandjackal the Scholar (level 12, 0/98 HPs)
             Began as a Demonspawn Necromancer on Sept 28, 2020.
             Was an Elder of Sif Muna.
             Slain by a sixfirhy (3 damage)
             ... summoned by an orc sorcerer
             ... on level 1 of the Orcish Mines.
             The game lasted 00:38:20 (18348 turns).

grandjackal the Scholar (Demonspawn Necromancer)   Turns: 18348, Time: 00:38:20

Health: 0/98       AC:  9    Str: 10    XL:     12   Next: 52%
Magic:  21/21      EV: 12    Int: 20    God:    Sif Muna [****..]
Gold:   2044       SH:  0    Dex: 17    Spells: 2/19 levels left

rFire    . . .     SeeInvis .   G - staff of death
rCold    + . .     Faith    .   (no shield)
rNeg     + . .     Spirit   .   f - +0 ring mail {MR+}
rPois    .         Reflect  .   (no helmet)
rElec    .         Harm     .   (no cloak)
rCorr    .         Rampage  .   q - +1 pair of gloves {Dex+3}
MR       +....                  E - +1 pair of boots
Stlth    ++........             (no amulet)
HPRegen  0.26/turn              w - ring of flight
MPRegen  0.17/turn              (no ring)

@: hasted, lightly drained, very quick
A: claws 2, cold resistance 1, spiny 1, sturdy frame 3
a: Channel Magic, Forget Spell, Divine Exegesis, Renounce Religion, Evoke Flight


You were on level 1 of the Orcish Mines.
You worshipped Sif Muna.
Sif Muna was greatly pleased with you.
You visited 3 branches of the dungeon, and saw 14 of its levels.
You also visited: Sewer, Bailey, Gauntlet and Ice Cave.

You collected 2044 gold pieces.

Inventory:

Hand Weapons
 i - a +2 dagger of protection
Missiles
 p - 53 poisoned darts (quivered)
 K - 7 curare-tipped darts
Armour
 b - a +1 plate armour of poison resistance
 c - a +2 robe of cold resistance
 f - a +0 ring mail of magic resistance (worn)
 h - a +3 plate armour of cold resistance
 q - a +1 pair of gloves of dexterity (worn)
 C - a +2 robe of fire resistance
 E - a +1 pair of boots (worn)
 L - a +0 buckler
Magical Staves
 G - an uncursed staff of death (weapon)
 H - an uncursed staff of poison {unknown}
Jewellery
 w - a ring of flight (left hand)
Wands
 r - a wand of flame (9)
 x - a wand of iceblast (3)
 y - a wand of random effects (27)
 A - a wand of disintegration (2)
Scrolls
 d - 7 scrolls of teleportation
 j - 4 scrolls of remove curse
 l - 3 scrolls of magic mapping
 m - 2 scrolls of fear
 t - 2 scrolls of enchant armour
 F - 2 scrolls of enchant weapon
Potions
 a - 4 potions of cancellation
 e - 12 potions of curing
 g - 9 potions of stabbing
 k - a potion of mutation
 n - 4 potions of might
 o - 2 potions of haste
 u - 4 potions of flight
 v - 5 potions of heal wounds
 z - a potion of lignification
 I - a potion of experience
 M - a potion of ambrosia


   Skills:
 - Level 10.3(10.0) Fighting
 - Level 2.0(1.7) Armour
 - Level 1.7(1.5) Dodging
 - Level 1.7(1.5) Stealth
 + Level 2.0(1.7) Shields
 - Level 4.1(3.9) Spellcasting
 + Level 9.9(9.6) Summonings
 - Level 10.5(10.1) Necromancy
 + Level 5.6(5.3) Ice Magic
 + Level 12.5(12.2) Invocations


You had 2 spell levels left.
You knew the following spells:

 Your Spells              Type           Power        Failure   Level
b - Vampiric Draining     Necr           ######....   1%          3
c - Animate Dead          Necr           ######....   1%          4
d - Call Imp              Summ           #####...     1%          2
e - Blink                 Tloc           N/A          21%         2
f - Summon Ice Beast      Ice/Summ       ####....     6%          4
g - Corpse Rot            Necr/Air       N/A          2%          2

Your spell library contained the following spells:

 Spells                   Type           Power        Failure   Level
 Animate Skeleton         Necr           ######       1%          1
 Pain                     Necr           ####         1%          1
 Summon Small Mammal      Summ           ####         1%          1
 Sublimation of Blood     Necr           ######....   1%          2
 Magic Dart               Conj           #...         13%         1
 Slow                     Hex            #.......     21%         2
 Call Canine Familiar     Summ           #####...     1%          3
 Summon Guardian Golem    Hex/Summ       ###.....     5%          3
 Agony                    Necr           ######..     5%          5
 Summon Lightning Spire   Summ/Air       ###.....     19%         4
 Conjure Flame            Conj/Fire      #.......     36%         3
 Mephitic Cloud           Conj/Pois/Air  #.......     36%         3
 Summon Mana Viper        Hex/Summ       ###.....     45%         5
 Simulacrum               Ice/Necr       ######....   63%         6
 Borgnjor's Revivificati  Necr           ######....   100%        8


Dungeon Overview and Level Annotations

Branches:
Dungeon (12/15)            Temple (1/1) D:4            Lair (0/6) D:10
    Orc (1/2) D:11          Sewer (visited)          Bailey (visited)
  IceCv (visited)         Gauntlet (visited)

Altars:
Elyvilon
Hepliaklqana
Makhleb
Nemelex Xobeh
Okawaru
Qazlal
Ru
Sif Muna
Vehumet
Wu Jian
The Shining One

Shops:
D:4 :   D:8 (


Innate Abilities, Weirdness & Mutations

You have very sharp fingernails.
Your flesh is cold resistant. (rC+)
You are partially covered in sharp spines.
Your movements are significantly less encumbered by armour. (ER -6)


Message History

An orc priest comes into view. It is wielding a +0 whip.
The orc sorcerer hits you but does no damage.
The sixfirhy hits you but does no damage.
Unknown command.
You feel yourself speed up.
The orc sorcerer points at you and mumbles some strange words.
The bolt of negative energy misses the sixfirhy.
The bolt of negative energy hits you! You partially resist.
You feel drained. The sixfirhy is struck by your spines.
The sixfirhy barely misses you. The sixfirhy is struck by your spines.
The sixfirhy hits you. The sixfirhy shocks you!
* * * LOW HITPOINT WARNING * * *
The sixfirhy hits you!
* * * LOW HITPOINT WARNING * * *
The sixfirhy shocks you!
* * * LOW HITPOINT WARNING * * *
Okay, then.
The sixfirhy hits you but does no damage.
The sixfirhy is struck by your spines. The sixfirhy hits you.
You die...

##.#.#....>.......#
######............ ###
#............. .
##.#####)..#......... .o
##....##.#......#...# .#.
##...o...............#
#...##.#.##.##.#.).......##
#....o.##........###.####
##..oo####.##.#@## ##
#.C..o##....#3..#
.........##..........#
.........###..##.....#
...#.....##...#####.##
........####... ##
...#....# ##... #####..##
##.##


You could see a sixfirhy (summoned).

Vanquished Creatures
  An orc warlord (Bailey)
  2 two-headed ogres
  Sonja (D:11)
  2 unseen horrors (D:10)
  Pikel (D:5)
  3 orc knights (Bailey)
  An ugly thing (D:11)
  A komodo dragon (D:11)
  2 trolls
  3 polar bears (IceCv)
  2 hornets (D:11)
  2 hippogriffs
  Sigmund (D:1)
  A shadow (D:10)
  22 yaks
  A warg (Orc:1)
  2 water moccasins
  27 orc warriors
  3 phantoms
  2 ice beasts
  A sky beast (D:8)
  6 ogres
  6 necrophages
  5 centaurs
  6 wolves
  4 lemures (D:5)
  4 big kobolds
  12 bullfrogs
  A gnoll sergeant (D:6)
  A water moccasin zombie (D:11)
  3 scorpions
  6 killer bees (D:11)
  9 wights
  2 electric eels (D:10)
  A howler monkey (D:9)
  11 hounds
  5 jellies
  11 orc priests
  2 bullfrog skeletons
  8 orc wizards
  3 iguanas
  7 worker ants
  2 hound zombies (D:10)
  4 hound skeletons
  2 mummies (D:10)
  3 worker ant zombies
  9 adders
  17 gnolls
  A howler monkey skeleton (D:7)
  A shadow imp (D:5)
  5 white imps
  3 ufetubi
  4 oozes
  A worm (D:3)
  A dart slug (D:5)
  5 leopard geckos
  89 orcs
  2 ball pythons
  9 bats
  7 giant cockroaches
  27 goblins
  20 hobgoblins
  4 jackals (D:3)
  2 quokkas (D:4)
  A ball python skeleton (D:4)
  13 frilled lizards
  A jackal skeleton (D:6)
  20 kobolds
  9 rats
456 creatures vanquished.

Vanquished Creatures (collateral kills)
  A hydra (D:12)
  A yak (IceCv)
2 creatures vanquished.

Vanquished Creatures (others)
  2 yaks (IceCv)
  A demonic plant (Gauntlet)
  3 withered plants (D:10)
6 creatures vanquished.

Grand Total: 464 creatures vanquished

Notes
Turn   | Place    | Note
-------+----------+-------------------------------------------
     0 | D:1      | grandjackal the Demonspawn Necromancer began the quest for
                  | the Orb.
     0 | D:1      | Reached XP level 1. HP: 13/13 MP: 3/3
   530 | D:1      | Gained mutation: You are partially covered in sharp spines.
                  | [demonic ancestry]
   530 | D:1      | Reached XP level 2. HP: 20/20 MP: 1/5
   777 | D:1      | Reached skill level 1 in Fighting
  1498 | D:1      | Reached XP level 3. HP: 25/26 MP: 3/6
  1587 | D:1      | Learned a level 3 spell: Vampiric Draining
  1615 | D:2      | Noticed Sigmund
  1632 | D:1      | Killed Sigmund
  1632 | D:1      | Reached skill level 1 in Armour
  1632 | D:1      | Reached skill level 5 in Necromancy
  1632 | D:1      | Gained mutation: Your flesh is cold resistant. (rC+)
                  | [demonic ancestry]
  1632 | D:1      | Reached XP level 4. HP: 11/34 MP: 0/8
  1632 | D:1      | Gained mutation: Your movements are slightly less
                  | encumbered by armour. (ER -2) [demonic ancestry]
  1632 | D:1      | Reached XP level 5. HP: 12/39 MP: 0/9
  1839 | D:1      | Learned a level 4 spell: Animate Dead
  1884 | D:2      | Found a radiant altar of Vehumet.
  2531 | D:2      | Learned a level 2 spell: Call Imp
  3079 | D:3      | Gained mutation: You have sharp fingernails. [demonic
                  | ancestry]
  3079 | D:3      | Reached XP level 6. HP: 28/46 MP: 7/11
  3575 | D:3      | Learned a level 2 spell: Blink
  4097 | D:4      | Found a staircase to the Ecumenical Temple.
  4105 | D:4      | Reached XP level 7. HP: 53/53 MP: 13/13
  4119 | Temple   | Entered the Ecumenical Temple
  4125 | Temple   | Became a worshipper of Sif Muna the Loreminder
  4324 | D:4      | Found Uhiotigg's Book Shoppe.
  4355 | D:4      | Reached skill level 1 in Summonings
  4355 | D:4      | Reached skill level 1 in Invocations
  4614 | D:3      | Reached skill level 2 in Invocations
  5035 | D:5      | Entered Level 5 of the Dungeon
  5080 | D:5      | Found a hazy altar of Hepliaklqana.
  5114 | D:5      | Found a sacrificial altar of Ru.
  5163 | D:5      | Found a sparkling altar of Nemelex Xobeh.
  5163 | D:5      | Found a white marble altar of Elyvilon.
  5198 | D:5      | Found an iron altar of Okawaru.
  5261 | D:5      | Noticed Pikel
  5583 | D:5      | Killed Pikel
  5583 | D:5      | Reached skill level 5 in Fighting
  5583 | D:5      | Reached skill level 4 in Invocations
  5583 | D:5      | Reached XP level 8. HP: 49/62 MP: 1/14
  5728 | D:5      | Reached * piety under Sif Muna
  6539 | D:6      | Reached skill level 5 in Invocations
  6679 | D:6      | Found a glowing drain.
  6702 | Sewer    | Entered a sewer
  6835 | Sewer    | Reached ** piety under Sif Muna
  6919 | Sewer    | Reached XP level 9. HP: 62/69 MP: 15/15
  7592 | D:7      | Reached skill level 6 in Invocations
  8161 | D:7      | Reached skill level 5 in Summonings
  8407 | D:7      | Reached skill level 7 in Invocations
  8904 | D:8      | Reached *** piety under Sif Muna
  9903 | D:8      | Gained mutation: Your movements are less encumbered by
                  | armour. (ER -4) [demonic ancestry]
  9903 | D:8      | Reached XP level 10. HP: 79/79 MP: 16/16
  9926 | D:8      | Reached skill level 8 in Invocations
 10032 | D:8      | Found Umaym's Weapon Boutique.
 10267 | D:9      | Learned a level 4 spell: Summon Ice Beast
 10644 | D:9      | Reached **** piety under Sif Muna
 10678 | D:9      | Reached skill level 9 in Invocations
 11157 | D:10     | Entered Level 10 of the Dungeon
 11300 | D:10     | Killed an unseen horror
 11300 | D:10     | Reached skill level 10 in Necromancy
 11435 | D:10     | Noticed a two-headed ogre
 11448 | D:10     | Killed a two-headed ogre
 11685 | D:10     | Gained mutation: Your movements are significantly less
                  | encumbered by armour. (ER -6) [demonic ancestry]
 11685 | D:10     | Reached XP level 11. HP: 82/87 MP: 18/18
 11693 | D:10     | Found a flagged portal.
 11706 | D:10     | Reached skill level 10 in Invocations
 11786 | Bailey   | Entered a bailey
 11824 | Bailey   | Reached ***** piety under Sif Muna
 11824 | Bailey   | Identified Sif Muna's Tome of Evil Beguiling (Sif Muna
                  | gifted it to you in a bailey)
 11824 | Bailey   | Received a gift from Sif Muna
 12425 | Bailey   | Reached skill level 1 in Ice Magic
 12569 | Bailey   | Noticed an orc knight
 12569 | Bailey   | Noticed an orc warlord
 12569 | Bailey   | Noticed an orc knight
 12571 | Bailey   | Noticed an orc knight
 12580 | Bailey   | Killed an orc knight
 12584 | Bailey   | Killed an orc warlord
 12606 | Bailey   | Killed an orc knight
 12616 | Bailey   | Killed an orc knight
 12660 | Bailey   | Identified a scroll of acquirement
 12660 | Bailey   | Acquired 665 gold pieces
 12851 | D:10     | Reached skill level 11 in Invocations
 13027 | D:10     | Found a staircase to the Lair.
 13283 | D:10     | Killed an unseen horror
 13791 | D:11     | Noticed Sonja
 13827 | D:11     | Killed Sonja
 14212 | D:11     | Gained mutation: You have very sharp fingernails. [demonic
                  | ancestry]
 14212 | D:11     | Reached XP level 12. HP: 90/97 MP: 12/20
 14223 | D:11     | Reached skill level 10 in Fighting
 14239 | D:11     | Found a gate leading to a gauntlet.
 14246 | Gauntlet | Entered a Gauntlet
 14246 | Gauntlet | Found a transporter.
 14335 | Gauntlet | Found a transporter.
 14338 | Gauntlet | Found a transporter.
 14339 | Gauntlet | Found a transporter.
 14347 | Gauntlet | Found a transporter.
 14350 | Gauntlet | Found a transporter.
 14351 | Gauntlet | Found a transporter.
 14359 | Gauntlet | Found a transporter.
 14362 | Gauntlet | Found a transporter.
 14363 | Gauntlet | Found a transporter.
 14374 | Gauntlet | Found a transporter.
 14375 | Gauntlet | Found a transporter.
 14376 | Gauntlet | Found a transporter.
 14386 | Gauntlet | Found a transporter.
 14557 | D:11     | Identified Yschaide's Papyrus of Evil (Sif Muna gifted it
                  | to you on level 11 of the Dungeon)
 14557 | D:11     | Received a gift from Sif Muna
 14579 | D:11     | Learned a level 2 spell: Corpse Rot
 14591 | D:11     | Found a staircase to the Orcish Mines.
 15438 | D:11     | Reached skill level 12 in Invocations
 15870 | D:12     | Noticed a seven-headed hydra
 15909 | D:12     | Found a frozen archway.
 15941 | IceCv    | Entered an ice cave
 16011 | IceCv    | Reached skill level 5 in Ice Magic
 16843 | D:12     | Reached skill level 1 in Shields
 17315 | D:12     | Noticed a two-headed ogre
 17322 | D:12     | Killed a two-headed ogre
 17768 | D:12     | Killed a seven-headed hydra
 17920 | D:12     | Found a stormy altar of Qazlal.
 18135 | Orc:1    | Entered Level 1 of the Orcish Mines
 18337 | Orc:1    | Noticed a stone giant
 18342 | Orc:1    | HP: 2/98 [sixfirhy[an orc sorcerer] (9)]
 18348 | Orc:1    | Slain by a sixfirhy

Illustrated notes

Levels and vault maps discovered:
D:1:      nzn_arrival_depleted_hourglass, layout_basic
D:2:      layout_basic, lemuel_doored_altar, minivault_24,
          minmay_misc_feat_five, kennysheep_generic_room_16, uniq_sigmund
D:3:      layout_basic
D:4:      layout_basic, minmay_temple_entry_ruins, serial_shops, shop
D:5:      layout_cave_pools, okawaru_gym_becter, grunt_temple_overflow_open,
          uniq_pikel
D:6:      layout_layer_cave, portal_sewer_entry_f
D:7:      layout_rooms
D:8:      wad_pebble_path, layout_cave_pods, serial_shops, shop
D:9:      layout_rooms
D:10:     layout_irregular_city, erik_lair_island, serial_undead,
          serial_undead_c, serial_undead_f, serial_undead_d, serial_undead_b,
          serial_undead_f, serial_undead_e, enter_bailey_1
D:11:     layout_basic, orc_david_3, gauntlet_entry_generic,
          grunt_decor_fettered, uniq_sonja
D:12:     layout_small_grid, portal_ice_cave_entry_pillars_1, special_room
          [special_room_orc], nicolae_qazlal_general_emergency
Temple:   eino_temple_rhombus
Orc:1:    layout_caves, bloody_trog

Skill      XL: |  1  2  3  4  5  6  7  8  9 10 11 12 |
---------------+-------------------------------------+-----
Fighting       | 1 2 3 5 7 8 9 10 | 10.3
Armour         | 1 2 |  2.0
Spellcasting   | 3 4 |  4.1
Necromancy     | 5 6 7 8 9 10 | 10.5
Summonings     | 3 4 6 7 9 |  9.9
Invocations    | 4 5 7 9 11 12 | 12.5
Ice Magic      | 4 5 |  5.6
Shields        | 2 |  2.0
Dodging        | |  1.7
Stealth        | |  1.7

Action                   |  1- 3 |  4- 6 |  7- 9 | 10-12 || total
-------------------------+-------+-------+-------+-------++-------
Melee: Unarmed           |     8 |       |       |       ||     8
       Dagger            |    43 |   161 |   448 |   663 ||  1315
       Staff             |       |       |       |    92 ||    92
 Cast: Pain              |    18 |       |    10 |    15 ||    43
       Vampiric Draining |     1 |     5 |    31 |   161 ||   198
       Call Imp          |       |       |     1 |       ||     1
       Summon Ice Beast  |       |       |       |    10 ||    10
       Corpse Rot        |       |       |       |     1 ||     1
Invok: Channel Magic     |       |       |       |     6 ||     6
Evoke: Wand              |       |       |     6 |    23 ||    29
  Use: Scroll            |     2 |     4 |     3 |    17 ||    26
       Potion            |       |       |       |     5 ||     5
 Stab: Sleeping          |     4 |     4 |     3 |     4 ||    15
Armor: Robe              |     6 |    53 |   163 |     3 ||   225
       Ring mail         |       |       |       |   354 ||   354
Dodge: Dodged            |    35 |    96 |   282 |   471 ||   884

Table legend: (Time is in decaauts)
 A = Elapsed time spent in this place.
 B = Non-inter-level travel time spent in this place.
 C = Inter-level travel time spent in this place.
 D = Time resting spent in this place.
 E = Time spent auto-exploring this place.
 F = Levels seen in this place.
 G = Mean time per level.
                   A        B        C        D        E       F      G
               +--------+--------+--------+--------+--------+-----+--------+
         Total |  18391 |  17791 |    600 |   5414 |   7705 |  18 | 1021.7 |
       Dungeon |  15773 |  15180 |    593 |   3967 |   7657 |  12 | 1314.4 |
        Temple |     12 |      6 |      6 |      0 |      0 |   1 |   12.0 |
  Orcish Mines |    211 |    211 |      0 |    113 |     48 |   1 |  211.0 |
         Sewer |    245 |    245 |      0 |      0 |      0 |   1 |  245.0 |
        Bailey |   1007 |   1007 |      0 |    612 |      0 |   1 | 1007.0 |
      Ice Cave |    840 |    840 |      0 |    640 |      0 |   1 |  840.0 |
      Gauntlet |    300 |    300 |      0 |     82 |      0 |   1 |  300.0 |
               +--------+--------+--------+--------+--------+-----+--------+

Top non-repeatable levels by time:
    D:10: 1962 daAuts
     D:1: 1837 daAuts
     D:8: 1455 daAuts
    D:12: 1425 daAuts
     D:6: 1408 daAuts
    D:11: 1346 daAuts
     D:4: 1233 daAuts
     D:9: 1209 daAuts
     D:5: 1057 daAuts
  Bailey: 1007 daAuts
     D:2: 999 daAuts
     D:3: 954 daAuts
     D:7: 882 daAuts
   IceCv: 840 daAuts
Gauntlet: 300 daAuts
